 Dungeon Crawl Stone Soup version 0.29-a0-356-g7bc237e783 (webtiles) character file.

Game seed: 11594524727269357628

205 bande the Shield-Bearer (level 5, -2/33 HPs)
             Began as a Gargoyle Fighter on Apr 26, 2022.
             Slain by a jelly (3 damage)
             ... on level 4 of the Dungeon.
             The game lasted 00:05:18 (3922 turns).

bande the Shield-Bearer (Gargoyle Fighter)          Turns: 3922, Time: 00:05:19

Health: -2/33      AC:  6    Str: 19    XL:     5   Next: 83%
Magic:  5/5        EV:  7    Int:  9    God:
Gold:   214        SH:  4    Dex: 11    Spells: 4/4 levels left

rFire   . . .      SeeInvis .   a - +0 war axe
rCold   + . .      Faith    .   c - +0 buckler
rNeg    + . .      Spirit   .   g - +1 chain mail
rPois   ∞          Reflect  .   (no helmet)
rElec   +          Harm     .   n - +0 cloak
rCorr   .          Rampage  .   k - +0 pair of gloves
Will    .....                   (no boots)
Stlth   ..........              (no amulet)
HPRegen 0.11/turn               f - +4 ring of protection
MPRegen 0.09/turn               b - ring of protection from cold

@: corroded
A: sickness immunity, AC +4, negative energy resistance 1, electricity
resistance, torment resistance 1, petrification resistance, iridescent scales 1
a: no special abilities


You were on level 4 of the Dungeon.
You visited 1 branch of the dungeon, and saw 4 of its levels.

You collected 214 gold pieces.

Inventory:

Hand Weapons
 a - a +0 war axe (weapon)
Armour
 c - a +0 buckler (worn)
 g - a +1 chain mail (worn)
 k - a +0 pair of gloves (worn)
 n - a +0 cloak (worn)
Jewellery
 b - a ring of protection from cold (right hand)
 f - a +4 ring of protection (left hand)
Wands
 p - a wand of flame (10)
Scrolls
 h - 2 scrolls of teleportation
 j - 2 scrolls of blinking
 s - a scroll of magic mapping
Potions
 d - a potion of might
 e - 2 potions of haste
 i - a potion of flight {unknown}
 l - a potion of berserk rage
 m - 3 potions of heal wounds {unknown}
 o - a potion of mutation
 q - a potion of curing {unknown}
 r - a potion of ambrosia {unknown}


   Skills:
 + Level 3.9 Fighting
 + Level 3.8 Axes
 + Level 4.0 Armour
 - Level 0.5 Dodging
 + Level 4.0 Shields
 * Level 1.0 Evocations


You had 4 spell levels left.
You didn't know any spells.
Your spell library contained the following spells:

 Spells                   Type           Power      Damage    Failure   Level
 Blink                    Tloc           0%         N/A       100%        2
 Lesser Beckoning         Tloc           0%         N/A       100%        3
 Tukima's Dance           Hex            0%         N/A       100%        3
 Anguish                  Hex/Necr       0%         N/A       100%        4
 Manifold Assault         Tloc           0%         N/A       100%        5
 Enfeeble                 Hex            0%         N/A       100%        7


Dungeon Overview and Level Annotations

Branches:
Dungeon (4/15)
 Temple: D:4-7

Altars:
Nemelex Xobeh
Trog

Shops:
D:3 [


Innate Abilities, Weirdness & Mutations

You are immune to sickness and miasma.
Your stone body is resilient. (AC +4)
You are immune to poison.
You resist negative energy. (rN+)
You are resistant to electric shocks. (rElec)
You are resistant to unholy torment.
You are immune to petrification.
You are partially covered in iridescent scales. (AC +2)


Message History

The adder barely misses you.
You closely miss the adder. The adder bites you but does no damage.
You hit the adder.
The adder is moderately wounded.
You block the adder's attack. The adder closely misses you.
You slash the adder!
You kill the adder!
You hit the jelly. The acid corrodes you!
Your hands burn!
The jelly is moderately wounded.
The jelly hits you. The acid corrodes you!
You are splashed with acid!
The jelly hits you but does no damage.
You hit the jelly but do no damage. The acid corrodes you!
Your hands burn!
The jelly is moderately wounded.
The jelly hits you but does no damage.
You are too injured to fight recklessly!
You are too injured to fight recklessly!
You are too injured to fight recklessly!
You are too injured to fight recklessly!
You are too injured to fight recklessly!
You are too injured to fight recklessly!
You are too injured to fight recklessly!
You hit the jelly.
Your hands burn!
The jelly is moderately wounded.
The jelly hits you but does no damage.
You hit the jelly.
Your hands burn!
The jelly is heavily wounded.
The jelly hits you but does no damage. The jelly closely misses you.
You hit the jelly but do no damage. The acid corrodes you!
Your hands burn!
* * * LOW HITPOINT WARNING * * *
The jelly is heavily wounded.
You block the jelly's attack.
You hit the jelly but do no damage.
Your hands burn!
* * * LOW HITPOINT WARNING * * *
The jelly is heavily wounded.
The jelly hits you but does no damage.
You hit the jelly but do no damage.
Your hands burn!
* * * LOW HITPOINT WARNING * * *
The jelly is heavily wounded.
The jelly hits you.
You die...

#≈≈≈♣♣P♣≈≈≈≈### #
######.≈≈≈≈♣≈♣≈PP# #
#......≈P≈≈♣≈♣P..## #
###.######.≈≈♣≈≈PP... #
#..........P≈≈≈PP≈#
####.#.######≈PP≈PP.##
##........†...≈≈≈≈P..#
...#.#.#########.###...#
........# #@# .
...#.#..# #J# .....#..#
#†# ...###..## #.. ...#
#...#######... ...#
#..............
..####..............#
........≈P.P..≈.PP≈.#
#.#.###.≈≈≈≈P.≈≈≈≈≈.#


You could see a jelly.

Vanquished Creatures
  2 hounds
  4 gnolls (D:4)
  5 adders
  An ufetubus (D:4)
  3 dart slugs
  An orc (D:3)
  4 endoplasms
  2 giant cockroaches
  A hobgoblin (D:3)
  4 jackals
  10 kobolds
  3 quokkas
  5 ball pythons
  7 bats
  2 frilled lizards (D:2)
  2 rats
56 creatures vanquished.

Vanquished Creatures (others)
  A fungus (D:1)
  7 plants
8 creatures vanquished.

Grand Total: 64 creatures vanquished

Notes
Turn   | Place    | Note
-------+----------+-------------------------------------------
     0 | D:1      | bande the Gargoyle Fighter began the quest for the Orb.
     0 | D:1      | Reached XP level 1. HP: 14/14 MP: 1/1
   462 | D:1      | Found a faded altar of an unknown god.
   476 | D:1      | Reached XP level 2. HP: 19/19 MP: 2/2
  1450 | D:2      | Reached XP level 3. HP: 14/23 MP: 3/3
  2136 | D:2      | Gained mutation: You are partially covered in iridescent
                  | scales. (AC +2) [potion of mutation]
  2273 | D:3      | Found Caawkes's Armour Boutique.
  2402 | D:3      | Reached XP level 4. HP: 22/28 MP: 4/4
  2998 | D:3      | Found a sparkling altar of Nemelex Xobeh.
  2999 | D:3      | Found a bloodstained altar of Trog.
  3273 | D:4      | Reached XP level 5. HP: 33/33 MP: 5/5
  3900 | D:4      | Reached skill level 1 in Evocations
  3922 | D:4      | HP: 1/33 [acid (2)]
  3922 | D:4      | Slain by a jelly

Illustrated notes

Levels and vault maps discovered:
D:1:      lemuel_arrival_broad_hall, layout_loops_ring,
          shapermc_ecumenical_altar_mp_ritualfount, minmay_curled_crystal
D:2:      layout_basic, st_stairs_9, kennysheep_generic_room_3
D:3:      minmay_spotlight, layout_basic, nicolae_overflow_squiral,
          serial_shops, shop, minmay_door_square, grunt_decor_resistance,
          minmay_misc_feat_rugged
D:4:      layout_loops_ring, minmay_temple_entry_arrows, serial_bayou,
          serial_bayou_lagoon_a, serial_bayou_lagoon_b, serial_bayou_crossing,
          serial_bayou_shore_a, serial_bayou_pond_a, serial_bayou_pond_e

Skill      XL: |  1  2  3  4  5 |
---------------+----------------+-----
Axes           | 2 3 |  3.8
Shields        | 4 |  4.0
Armour         | 4 |  4.0
Evocations     | 1 |  1.0
Fighting       | |  3.9
Dodging        | |  0.5

Action                   |  1- 3 |  4- 6 || total
-------------------------+-------+-------++-------
Melee: War axe           |   128 |   124 ||   252
  Use: Scroll            |    10 |       ||    10
       Potion            |     1 |       ||     1
Armor: Scale mail        |    19 |       ||    19
       Skin              |    26 |       ||    26
       Chain mail        |    33 |   144 ||   177
Dodge: Dodged            |    70 |    63 ||   133
Block: Buckler           |    45 |    39 ||    84

Table legend: (Time is in decaauts)
 A = Elapsed time spent in this place.
 B = Non-inter-level travel time spent in this place.
 C = Inter-level travel time spent in this place.
 D = Time resting spent in this place.
 E = Time spent auto-exploring this place.
 F = Levels seen in this place.
 G = Mean time per level.
                   A        B        C        D        E       F      G
               +--------+--------+--------+--------+--------+-----+--------+
         Total |   4050 |   4050 |      0 |    541 |   2819 |   4 | 1012.5 |
       Dungeon |   4050 |   4050 |      0 |    541 |   2819 |   4 | 1012.5 |
               +--------+--------+--------+--------+--------+-----+--------+

Top non-repeatable levels by time:
     D:1: 1356 daAuts
     D:3: 1059 daAuts
     D:2: 875 daAuts
     D:4: 759 daAuts
